 Dungeon Crawl Stone Soup version 0.23.1 (webtiles) character file.

Game seed: 17802190131113651184

588 misha the Spear-Bearer (level 7, 0/56 HPs)
             Began as a Merfolk Fighter on Mar 16, 2019.
             Was an Initiate of Trog.
             Slain by Pikel
             ... wielding a +1 whip of flaming
              (2 damage)
             ... on level 5 of the Dungeon.
             The game lasted 00:10:30 (3405 turns).

misha the Spear-Bearer (Merfolk Fighter)            Turns: 3405, Time: 00:10:33

Health: 0/56       AC:  6    Str: 18    XL:     7   Next: 38%
Magic:  0/7        EV:  7    Int:  8    God:    Trog [......]
Gold:   283        SH: 10    Dex: 15    Spells: 6/6 levels left

rFire    . . .     SeeInvis .   a - +0 trident
rCold    . . .     Gourm    .   c - +0 shield
rNeg     . . .     Faith    .   b - +0 scale mail
rPois    .         Spirit   +   (no helmet)
rElec    .         Reflect  .   s - scarf {Spirit}
rCorr    .         Harm     .   (no gloves)
MR       .....                  (no boots)
Stlth    ..........             (no amulet)
HPRegen  0.18/turn              h - +2 ring of dexterity
MPRegen  0.10/turn              (no ring)

@: no status effects
A: change form in water, swift swim, stealthy swim
a: Renounce Religion


You were on level 5 of the Dungeon.
You worshipped Trog.
Trog was noncommittal.
You were very hungry.

You visited 2 branches of the dungeon, and saw 6 of its levels.

You collected 283 gold pieces.

Inventory:

Hand Weapons
 a - a +0 trident (weapon)
Missiles
 t - 3 curare-tipped needles
Armour
 b - a +0 scale mail (worn)
 c - a +0 shield (worn)
 n - a +0 cloak
 s - a scarf of spirit shield (worn)
Jewellery
 h - a +2 ring of dexterity (left hand)
Wands
 l - a wand of scattershot (7)
 y - a wand of acid (6)
Scrolls
 e - a scroll of fog {unknown}
 g - 5 scrolls of remove curse
 i - a scroll of random uselessness {unknown}
 m - 5 scrolls of identify
 o - 2 scrolls of teleportation {unknown}
 p - 2 scrolls of amnesia {unknown}
 q - a scroll of fear
 r - a scroll of enchant armour {unknown}
 w - a scroll of blinking {unknown}
Potions
 d - 4 potions of might
 u - a potion of flight {unknown}
 v - a potion of berserk rage {unknown}
 x - a potion of mutation {unknown}
 z - a potion of lignification {unknown}
Comestibles
 f - 9 rations


   Skills:
 + Level 5.3 Fighting
 * Level 8.1 Polearms
 - Level 2.3 Armour
 + Level 4.8 Shields


You had 6 spell levels left.
You didn't know any spells.
Your spell library contained the following spells:

 Spells                   Type           Power        Failure   Level  Hunger
 Beastly Appendage        Tmut           #.....       99%         1    ##.....
 Sticks to Snakes         Tmut           #.......     100%        2    ###....
 Spider Form              Tmut/Pois      #.........   100%        3    ####...
 Ice Form                 Ice/Tmut       #.......     100%        4    #####..
 Blade Hands              Tmut           #.........   100%        5    ######.


Dungeon Overview and Level Annotations

Branches:
Dungeon (5/15)             Temple (1/1) D:4

Altars:
Ashenzari
Cheibriados
Dithmenos
Elyvilon
Fedhas
Gozag
Hepliaklqana
Kikubaaqudgha
Makhleb
Okawaru
Qazlal
Ru
Sif Muna
Trog
Uskayaw
Yredelemnul
Zin
The Shining One

Annotations:
D:2 Sigmund
D:5 Pikel


Message History

Pikel burns you.
* * * LOW HITPOINT WARNING * * *
You hit Pikel.
Pikel is almost dead.
The slave hits you.
* * * LOW HITPOINT WARNING * * *
The slave hits you.
* * * LOW HITPOINT WARNING * * *
Pikel hits you but does no damage.
You feel better. You block the slave's attack. The slave hits you.
* * * LOW HITPOINT WARNING * * *
Pikel says, "You will build my throne, and die beneath it!"
You block Pikel's attack.
You hit Pikel but do no damage.
Pikel is almost dead.
The slave completely misses you. You block the slave's attack.
Pikel hits you with a +1 whip of flaming.
* * * LOW HITPOINT WARNING * * *
Pikel burns you.
You die...

. #. #.##...# #.#.
#.##...#
..#.########.##...#
#............p.#.##
#..............#.#
#..............#.#
#..............#p#
#.......$.....p#p#
#......#######(#@#
#......# #.Kp#
#......# .....p.
#......# #........#
#......# #..?.....#
#......# #......>.#
#......# #........#
#......# #........#
#......#


You could see Pikel and 4 slaves.

Vanquished Creatures
  An ogre (D:4)
  A centaur (D:5)
  A howler monkey (D:5)
  2 crimson imps (D:5)
  A quasit (D:3)
  An orc wizard (D:4)
  2 centaur skeletons (D:4)
  Ijyb (D:3)
  A worker ant (D:4)
  4 adders
  4 gnolls
  An ooze (D:1)
  An adder skeleton (D:4)
  A worm (D:2)
  3 dart slugs
  A leopard gecko (D:3)
  4 orcs
  4 bats
  6 giant cockroaches
  9 goblins
  8 hobgoblins
  2 jackals (D:4)
  4 kobolds
  5 ball pythons
  4 frilled lizards
  A leopard gecko skeleton (D:3)
  4 rats (D:1)
77 creatures vanquished.

Notes
Turn   | Place    | Note
-------+----------+-------------------------------------------
     0 | D:1      | misha the Merfolk Fighter began the quest for the Orb.
     0 | D:1      | Reached XP level 1. HP: 18/18 MP: 1/1
    55 | D:1      | Reached XP level 2. HP: 24/24 MP: 2/2
   384 | D:1      | Reached XP level 3. HP: 29/29 MP: 3/3
   733 | D:2      | Noticed Sigmund
   749 | D:2      | HP: 1/30 [something (9)]
   767 | D:2      | Reached skill level 4 in Polearms
  1307 | D:2      | Found a snail-covered altar of Cheibriados.
  1435 | D:2      | Reached XP level 4. HP: 25/37 MP: 4/4
  1501 | D:2      | Found a blossoming altar of Fedhas.
  1698 | D:2      | Reached skill level 5 in Polearms
  1851 | D:3      | Noticed Ijyb
  1872 | D:3      | Killed Ijyb
  1872 | D:3      | Reached XP level 5. HP: 41/42 MP: 5/5
  2229 | D:3      | Reached skill level 6 in Polearms
  2479 | D:4      | Reached XP level 6. HP: 49/49 MP: 6/6
  2495 | D:4      | Found a hide-covered altar of Uskayaw.
  2560 | D:4      | Reached skill level 7 in Polearms
  2622 | D:4      | Found a staircase to the Ecumenical Temple.
  2647 | Temple   | Entered the Ecumenical Temple
  2802 | Temple   | Became a worshipper of Trog the Wrathful
  3129 | D:5      | Entered Level 5 of the Dungeon
  3141 | D:5      | Reached skill level 5 in Fighting
  3174 | D:5      | Reached XP level 7. HP: 44/56 MP: 5/7
  3337 | D:5      | Reached skill level 8 in Polearms
  3371 | D:5      | Noticed Pikel
  3400 | D:5      | HP: 2/56 [Pikel/+1 whip of flaming (3)]
  3405 | D:5      | HP: 2/56 [Pikel/+1 whip of flaming (5)]
  3405 | D:5      | Slain by Pikel

Skill      XL: |  1  2  3  4  5  6  7 |
---------------+----------------------+-----
Polearms       | 4 5 6 7 8 |  8.1
Fighting       | 4 5 |  5.3
Shields        | 4 |  4.8
Armour         | |  2.3

Action                   |  1- 3 |  4- 6 |  7- 9 || total
-------------------------+-------+-------+-------++-------
Melee: Trident           |   125 |   163 |    48 ||   336
  Use: Scroll            |     4 |     1 |       ||     5
       Potion            |       |       |     4 ||     4
 Stab: Fleeing           |     1 |       |       ||     1
  Eat: Chunk             |       |     7 |       ||     7
Armor: Scale mail        |    34 |    71 |    17 ||   122
Dodge: Dodged            |    25 |    40 |    17 ||    82
Block: Shield            |    51 |    87 |    40 ||   178
